 Dungeon Crawl Stone Soup version 0.20-a0-960-ge493e74 (webtiles) character file.

51 Murumi the Sneak (level 3, 0/32 HPs)
             Began as a Naga Assassin on Apr 7, 2017.
             Slain by Robin
             ... wielding a +0 spear
              (2 damage)
             ... on level 2 of the Dungeon.
             The game lasted 00:06:33 (2112 turns).

Murumi the Sneak (Naga Assassin)                    Turns: 2112, Time: 00:06:34

Health: 0/32       AC:  2    Str: 13    XL:     3   Next: 83%
Magic:  3/3        EV: 15    Int: 11    God:
Gold:   41         SH:  0    Dex: 18    Spells: 2/2 levels left

rFire    . . .     SeeInvis +   a - +3 dagger
rCold    . . .     Gourm    .   (no shield)
rNeg     . . .     Faith    .   c - +0 robe
rPois    +         Spirit   .   (no helmet)
rElec    .         Reflect  .   l - scarf {repulsion}
rCorr    .         Harm     .   (no gloves)
MR       .....                  (no barding)
Stlth    +++++.....             (no amulet)
Regen    0.1/turn               (no ring)
MPRegen  0.1/turn               (no ring)

@: agile, repel missiles, very slow
A: see invisible, deformed body, poison resistance, slowness 2, slow metabolism
1, spit poison 1, AC +1
a: Spit Poison


You were on level 2 of the Dungeon.
You were not hungry.

You visited 1 branch of the dungeon, and saw 2 of its levels.

You collected 41 gold pieces.

Inventory:

Hand Weapons
 a - a +3 dagger (weapon)
 b - a +0 blowgun
Missiles
 e - 8 poisoned needles
 f - 2 curare-tipped needles
 j - 98 stones (quivered)
Armour
 c - a +0 robe (worn)
 l - a scarf of repulsion (worn)
Potions
 d - a potion of haste {unknown}
 h - a potion of agility
 i - a potion of magic {unknown}
 k - a potion of mutation {unknown}
Comestibles
 g - 2 bread rations
 m - 2 fruits


   Skills:
 - Level 2.0 Fighting
 - Level 2.0 Short Blades
 - Level 2.0 Throwing
 - Level 1.0 Dodging
 + Level 7.8 Stealth


You had 2 spell levels left.
You didn't know any spells.

Dungeon Overview and Level Annotations

Branches:
Dungeon (2/15)

Altars:

Annotations:
D:2 Robin


Innate Abilities, Weirdness & Mutations

You cannot wear boots.
Your serpentine skin is tough. (AC +1)
You have supernaturally acute eyesight. (SInv)
Armour fits poorly on your strangely shaped body.
Your system is resistant to poisons. (rPois)
You cover ground very slowly.
You have a slow metabolism.
You can spit poison.


Message History

Robin hits you from afar with a spear.
* * * LOW HITPOINT WARNING * * *
You hit the hobgoblin.
You kill the hobgoblin!
The hobgoblin no longer looks unusually strong.
Robin roars a battlecry!
The hobgoblin goes into a battle-frenzy!
Things that are here:
a club; a goblin corpse Robin throws the goblin at you!
* * * LOW HITPOINT WARNING * * *
You hit Robin.
Robin is moderately wounded.
The goblin barely misses you. Robin misses you.
You closely miss the goblin. Robin misses you. The goblin closely misses you.
You barely miss Robin.
Robin is moderately wounded.
The goblin no longer looks unusually strong.
Robin hits you with a spear.
You die...

......###.#.#.########
..........#.#.#......#
.######...###.#.#.####.#
..........'...#.#.####.#
######(..#####......#.#
g.#.........#...##.#.#
###.#.#######.#...#.<#.#
#...#.#######.#...#..#..
#...†gg@g.....#...#.####
#####.#########.))######
.....................
###.##########.#######
#.# ................ #.#
.........####### #.#
...............# #.#
######.#..####.#
#.#..#..#.#


You could see Robin, a hobgoblin and a goblin.

Vanquished Creatures
  An adder (D:2)
  A worm (D:2)
  4 bats
  3 giant cockroaches
  10 goblins
  4 hobgoblins
  A ball python (D:1)
  4 kobolds
  8 rats
36 creatures vanquished.

Notes
Turn   | Place    | Note
-------+----------+-------------------------------------------
     0 | D:1      | Murumi the Naga Assassin began the quest for the Orb.
     0 | D:1      | Reached XP level 1. HP: 19/19 MP: 1/1
    12 | D:1      | Reached skill level 6 in Stealth
   349 | D:1      | Reached skill level 1 in Dodging
   695 | D:1      | Reached XP level 2. HP: 26/26 MP: 2/2
  1494 | D:2      | Reached skill level 7 in Stealth
  1494 | D:2      | Reached XP level 3. HP: 32/32 MP: 3/3
  2094 | D:2      | Noticed Robin
  2109 | D:2      | HP: 1/32 [Robin/goblin (1)]
  2112 | D:2      | Slain by Robin

Vault maps used:
D:1:      dpeg_arrival_ratfight
D:2:      lemuel_doored_altar, uniq_robin, uniq_crazy_yiuf_cottage

Skill      XL: |  1  2 |
---------------+-------+-----
Stealth        | 6 7 |  7.8
Dodging        | 1 |  1.0
Throwing       | 2 |  2.0
Fighting       | |  2.0
Short Blades   | |  2.0

Action                   || total
-------------------------++-------
Melee: Dagger            ||    78
Throw: Stone             ||     6
 Abil: Spit Poison       ||     4
  Use: Scroll            ||     7
       Potion            ||     1
 Stab: Sleeping          ||     6
  Eat: Chunk             ||     3
Armor: Robe              ||     9
Dodge: Dodged            ||    32
